 Dungeon Crawl Stone Soup version 0.27.1-4-g1640c2035a (webtiles) character file.

Game seed: 15648132125634753054

560 boopmooplesden the Shield-Bearer (level 7, -9/60 HPs)
             Began as a Minotaur Fighter on Nov 4, 2021.
             Mangled by Duvessa (12 damage)
             ... on level 5 of the Dungeon.
             The game lasted 00:04:40 (3367 turns).

boopmooplesden the Shield-Bearer (Minotaur Fighter) Turns: 3367, Time: 00:04:41

Health: -9/60      AC:  7    Str: 22    XL:     7   Next: 9%
Magic:  6/6        EV:  8    Int:  5    God:
Gold:   152        SH: 10    Dex: 10    Spells: 6/6 levels left

rFire    . . .     SeeInvis .   a - +0 long sword
rCold    . . .     Faith    .   c - +0 kite shield
rNeg     . . .     Spirit   .   b - +0 scale mail
rPois    .         Reflect  .   (helmet restricted)
rElec    .         Harm     .   (no cloak)
rCorr    .         Rampage  .   (no gloves)
Will     .....                  (no boots)
Stlth    ..........             (no amulet)
HPRegen  0.20/turn              (no ring)
MPRegen  0.10/turn              (no ring)

@: lethally poisoned (-9 -> -13)
A: horns 2, retaliatory headbutt
a: no special abilities


You were on level 5 of the Dungeon.
You visited 1 branch of the dungeon, and saw 5 of its levels.

You collected 152 gold pieces.

Inventory:

Hand Weapons
 a - a +0 long sword (weapon)
Missiles
 e - 6 silver boomerangs (quivered)
 f - 17 poisoned darts
 n - 8 javelins
Armour
 b - a +0 scale mail (worn)
 c - a +0 kite shield (worn)
 k - a +0 chain mail
Wands
 o - a wand of flame (11)
Scrolls
 i - a scroll of vulnerability {unknown}
 l - a scroll of torment {unknown}
 m - a scroll of identify
Potions
 d - a potion of might
 g - 3 potions of curing
 h - a potion of heal wounds {unknown}
 j - a potion of lignification {unknown}


   Skills:
 + Level 4.9 Fighting
 + Level 4.8 Long Blades
 + Level 0.6 Throwing
 + Level 5.6 Armour
 + Level 2.2 Dodging
 + Level 0.8 Stealth
 + Level 5.9 Shields


You had 6 spell levels left.
You didn't know any spells.
Your spell library was empty.

Dungeon Overview and Level Annotations

Branches:
Dungeon (5/15)
 Temple: D:4-7

Altars:

Shops:
D:3 *

Annotations:
D:4 2 transporters, seaofthunder's ghost, amateur HOFi
D:5 Duvessa


Innate Abilities, Weirdness & Mutations

You have a pair of horns on your head.
You reflexively headbutt those who attack you in melee.


Message History

The ogre is almost dead.
You block the ogre's attack.
You slash the ogre!
You kill the ogre!
You have reached level 7!
Things that are here:
a +0 giant club; an ogre corpse Duvessa shouts!
Duvessa goes berserk!
The adder hisses angrily.
Duvessa barely misses you.
You completely miss Duvessa. You headbutt Duvessa, but do no damage.
Duvessa hits you with a +0 rapier! x2; You block Duvessa's attack.
You hit Duvessa but do no damage. Your headbutt misses Duvessa.
Duvessa closely misses you. You block Duvessa's attack.
You closely miss Duvessa. You headbutt Duvessa, but do no damage.
The adder closely misses you. You block Duvessa's attack. The adder bites you.
You are poisoned.
The adder poisons you! You block Duvessa's attack.
You hit Duvessa but do no damage.
You feel sick. You block the adder's attack. Duvessa hits you with a +0 rapier!
The adder bites you but does no damage. You block Duvessa's attack.
You slash Duvessa!
Duvessa is lightly wounded.
You feel sick. Duvessa hits you but does no damage. The adder bites you.
Duvessa hits you but does no damage.
You hit Duvessa.
Duvessa is moderately wounded.
You feel sick. The adder bites you.
* * * LOW HITPOINT WARNING * * *
You are more poisoned.
The adder poisons you! You block Duvessa's attack.
The adder bites you but does no damage. Duvessa hits you with a +0 rapier!
* * * LOW HITPOINT WARNING * * *
You hit the adder. Your headbutt misses the adder.
The adder is moderately wounded.
* * * LOW HITPOINT WARNING * * *
You feel sick. The adder bites you but does no damage.
Duvessa hits you with a +0 rapier!
You die...

#.#....8..
##.#..[.....
##.#.....8..e
#.##.#..........
#.#.#........8..
#..#............
#.#....eS......?
#......@........ .
#####...######## #.
#...# ###########.
#)..# #......#....
#...#####......#....
#...)..........#..#.
####...........#..#.
#..............#.
#......##.####.##


You could see Duvessa (berserk) and an adder.

Vanquished Creatures
  A black bear (D:5)
  A necrophage (D:4)
  An ogre (D:5)
  Dowan (D:5)
  2 hounds
  Jessica (D:2)
  An iguana (D:5)
  6 adders
  2 worms
  4 dart slugs
  2 orcs (D:3)
  3 ball pythons
  8 endoplasms
  5 giant cockroaches
  12 goblins
  7 hobgoblins
  4 jackals (D:2)
  4 kobolds
  2 quokkas
  5 bats
  4 frilled lizards
  3 rats (D:1)
79 creatures vanquished.

Notes
Turn   | Place    | Note
-------+----------+-------------------------------------------
     0 | D:1      | boopmooplesden the Minotaur Fighter began the quest for the
                  | Orb.
     0 | D:1      | Reached XP level 1. HP: 19/19 MP: 0/0
   168 | D:1      | Reached XP level 2. HP: 27/27 MP: 1/1
   556 | D:1      | Found a faded altar of an unknown god.
   747 | D:2      | Reached XP level 3. HP: 33/33 MP: 2/2
  1136 | D:2      | Reached XP level 4. HP: 28/41 MP: 3/3
  1467 | D:2      | Noticed Jessica
  1472 | D:2      | Killed Jessica
  1473 | D:2      | Reached skill level 1 in Dodging
  1851 | D:3      | Reached XP level 5. HP: 47/47 MP: 4/4
  2087 | D:3      | Found Koneduts's Assorted Antiques.
  2365 | D:4      | Found a transporter.
  2371 | D:4      | Noticed a necrophage
  2386 | D:4      | Reached skill level 5 in Shields
  2390 | D:4      | Killed a necrophage
  2391 | D:4      | Reached skill level 5 in Armour
  2391 | D:4      | Reached XP level 6. HP: 43/53 MP: 5/5
  2451 | D:4      | Found a transporter.
  2462 | D:4      | Noticed seaofthunder's ghost (amateur HOFi)
  2972 | D:5      | Entered Level 5 of the Dungeon
  3102 | D:5      | Noticed Dowan
  3102 | D:5      | Noticed Duvessa
  3150 | D:5      | Killed Dowan
  3355 | D:5      | Reached XP level 7. HP: 60/60 MP: 6/6
  3367 | D:5      | HP: 3/60 [poisoned by an adder]
  3367 | D:5      | Mangled by Duvessa

Illustrated notes

Levels and vault maps discovered:
D:1:      giann_wishing_wells, layout_loops_cross, basic_ecumenical_altar
D:2:      layout_loops_cross, kennysheep_jessica_study
D:3:      layout_loops_ring, serial_shops, nicolae_shop_crystal
D:4:      layout_loops_cross, gammafunk_ghost_stat_death
D:5:      wad_pebble_path, layout_basic, serial_shops, nicolae_shop_waterfront,
          uniq_duvessa, uniq_grinder

Skill      XL: |  1  2  3  4  5  6 |
---------------+-------------------+-----
Shields        | 4 5 |  5.9
Fighting       | 4 |  4.9
Armour         | 4 5 |  5.6
Long Blades    | 3 4 |  4.8
Dodging        | 1 2 |  2.2
Throwing       | |  0.6
Stealth        | |  0.8

Action                   |  1- 3 |  4- 6 |  7- 9 || total
-------------------------+-------+-------+-------++-------
Melee: Long sword        |    79 |   110 |     7 ||   196
       Headbutt          |    13 |    25 |     2 ||    40
Throw: Boomerang         |       |     3 |       ||     3
  Use: Scroll            |       |     4 |       ||     4
Armor: Scale mail        |    31 |    46 |     5 ||    82
Dodge: Dodged            |    27 |    35 |     3 ||    65
Block: Kite shield       |    56 |    74 |     7 ||   137
       Rpst.: Long sword |     8 |    10 |       ||    18
